 Dungeon Crawl Stone Soup version 0.19.1-1-g22dce08 (webtiles) character file.

96 nikopol the Skirmisher (level 4, -1/29 HPs)
             Began as a Gargoyle Berserker on Jan 8, 2017.
             Was a Believer of Trog.
             Slain by a worm (9 damage)
             ... on level 2 of the Dungeon.
             The game lasted 00:02:45 (1206 turns).

nikopol the Skirmisher (Gargoyle Berserker)         Turns: 1206, Time: 00:02:46

Health: -1/29      AC:  8    Str: 20    XL:     4   Next: 67%
Magic:  4/4        EV: 12    Int:  8    God:    Trog [**....]
Gold:   58         SH:  0    Dex: 10    Spells: 0 memorised, 3 levels left

rFire  . . .     SeeInvis .     a - +0 hand axe
rCold  . . .     Gourm    .     b - +0 animal skin
rNeg   + . .     Faith    .     (no shield)
rPois  ∞         Spirit   .     k - +0 helmet
rElec  +         Reflect  .     (no cloak)
rCorr  .         Harm     .     e - +0 pair of gloves
MR     .....                    (no boots)
Stlth  +.........               (no amulet)
                                (no ring)
                                (no ring)

@: no status effects
A: negative energy resistance 1, electricity resistance, unbreathing,
petrification resistance, rot immunity, AC +3
a: Berserk, Trog's Hand, Burn Spellbooks, Renounce Religion


You were on level 2 of the Dungeon.
You worshipped Trog.
Trog was pleased with you.
You were not hungry.

You visited 1 branch of the dungeon, and saw 2 of its levels.

You collected 58 gold pieces.

Inventory:

Hand Weapons
 a - a +0 hand axe (weapon)
Armour
 b - a +0 animal skin (worn)
 e - a +0 pair of gloves (worn)
 k - a +0 helmet (worn)
Scrolls
 d - a scroll of recharging {unknown}
 g - a scroll of identify {unknown}
 j - a scroll of remove curse {unknown}
Potions
 m - 2 potions of curing {unknown}
Comestibles
 c - a bread ration
 f - 2 meat rations
 h - 4 fruits
 i - 2 chunks of flesh
 l - 2 slices of pizza


   Skills:
 + Level 4.0 Fighting
 + Level 3.3 Axes
 + Level 3.1 Armour
 + Level 2.3 Dodging


You had 3 spell levels left.
You didn't know any spells.

Dungeon Overview and Level Annotations

Branches:
Dungeon (2/15)

Altars:


Innate Abilities, Weirdness & Mutations

You are resistant to torment.
Your stone body is resilient. (AC +3)
You are immune to poison.
You resist negative energy. (rN+)
You are resistant to electric shocks. (rElec)
You can survive without breathing.
You are immune to petrification.
You are immune to rotting.


Message History

You are too injured to fight recklessly!
You are too injured to fight recklessly!
You are too injured to fight recklessly!
You are too injured to fight recklessly!
You are too injured to fight recklessly!
You are too injured to fight recklessly!
You are too injured to fight recklessly!
You are too injured to fight recklessly!
You are too injured to fight recklessly!
You are too injured to fight recklessly!
You are too injured to fight recklessly!
You are too injured to fight recklessly!
You slash the worm!
The worm is heavily wounded.
You barely miss the quokka.
The quokka bites you but does no damage.
You hit the worm but do no damage.
The worm is heavily wounded.
You barely miss the quokka. The quokka misses you. The worm bites you!
You die...

#.........##..##....
#.......#)##......#
#..............##.#
#.......#...).....##
#########<÷.........
#...............
....#.............
.##...#.#.........
#..###.#@..?....!
...# #.w†r.......
##. ..............
.................
...............
.........##.##.
.......... .#
.......... #


You could see a worm and a quokka.

Vanquished Creatures
  Natasha (twice) (D:2)
  2 oozes (D:2)
  2 dart slugs (D:1)
  4 goblins (D:1)
  6 hobgoblins
  4 jackals (D:1)
  A quokka (D:2)
  A frilled lizard (D:1)
  5 kobolds (D:1)
  9 rats
36 creatures vanquished.

Notes
Turn   | Place    | Note
-------+----------+-------------------------------------------
     0 | D:1      | nikopol the Gargoyle Berserker began the quest for the Orb.
     0 | D:1      | Reached XP level 1. HP: 14/14 MP: 1/1
   237 | D:1      | Reached XP level 2. HP: 11/19 MP: 2/2
   763 | D:1      | Reached XP level 3. HP: 22/23 MP: 3/3
   948 | D:1      | Reached ** piety under Trog
  1006 | D:2      | Noticed Natasha
  1055 | D:2      | Killed Natasha
  1055 | D:2      | Reached XP level 4. HP: 24/29 MP: 4/4
  1073 | D:2      | Noticed Natasha
  1203 | D:2      | Killed Natasha
  1203 | D:2      | Reached skill level 4 in Fighting
  1206 | D:2      | Slain by a worm

Skill      XL: |  1  2  3  4 |
---------------+-------------+-----
Dodging        | 2 |  2.3
Axes           | 3 |  3.3
Armour         | 3 |  3.1
Fighting       | 4 |  4.0

Action                   |  1- 3 |  4- 6 || total
-------------------------+-------+-------++-------
Melee: Hand axe          |   102 |    17 ||   119
Invok: Berserk           |     1 |       ||     1
  Eat: Chunk             |     1 |     1 ||     2
Armor: Animal skin       |    32 |    13 ||    45
Dodge: Dodged            |    73 |    14 ||    87
